 Dungeon Crawl Stone Soup version 0.21-a0-625-g1119ec1 (webtiles) character file.

2520 tidbits the Insei (level 9, -7/68 HPs)
             Began as a Gnoll Transmuter on Dec 24, 2017.
             Was a Believer of Cheibriados.
             Mangled by a merfolk
             ... wielding a +0 spear
              (9 damage)
             ... on level 9 of the Dungeon.
             The game lasted 00:22:28 (2096 turns).

tidbits the Insei (Gnoll Transmuter)                Turns: 2096, Time: 00:22:29

Health: -7/68      AC:  2    Str: 16    XL:     9   Next: 54%
Magic:  16/19      EV: 27    Int: 23    God:    Cheibriados [**....]
Gold:   253        SH:  0    Dex: 25    Spells: 7/21 levels left

rFire    . . .     SeeInvis +     - Unarmed
rCold    . . .     Gourm    .   (shield currently unavailable)
rNeg     . . .     Faith    .   (armour currently unavailable)
rPois    x         Spirit   .   (helmet currently unavailable)
rElec    .         Reflect  .   (cloak currently unavailable)
rCorr    .         Harm     .   (gloves currently unavailable)
MR       .....                  (boots currently unavailable)
Stlth    +++.......             (no amulet)
HPRegen  0.21/turn              I - ring of see invisible
MPRegen  0.16/turn              (no ring)

@: spider-form, very slightly contaminated, very slow
A: tiny, distributed training, strong nose
a: End Transformation, Bend Time, Renounce Religion


You were on level 9 of the Dungeon.
You worshipped Cheibriados.
Cheibriados was pleased with you.
You were not hungry.
You were a venomous arachnid creature.
You visited 2 branches of the dungeon, and saw 10 of its levels.

You collected 253 gold pieces.

Inventory:

Hand Weapons
 f - a +0 dagger
 x - a +0 hunting sling
 y - a +2 long sword of holy wrath
   (You found it on level 5 of the Dungeon)
Missiles
 a - 57 arrows
 b - 55 stones
 n - 4 javelins (quivered)
 A - 25 sling bullets
Armour
 e - a +0 ring mail
 k - a +0 robe
 B - a +2 animal skin (melded)
 E - a +2 helmet (melded)
Jewellery
 I - a ring of see invisible (left front leg)
   (You found it on level 1 of the Dungeon)
Wands
 j - a wand of digging (18)
 m - a wand of acid (11)
 p - a wand of paralysis (17)
Scrolls
 g - 2 scrolls of enchant weapon {unknown}
 h - a scroll of fog {unknown}
 i - 2 scrolls of immolation {unknown}
 o - a scroll of fear {unknown}
 r - a scroll of enchant armour {unknown}
 s - a scroll of remove curse {unknown}
 t - a scroll of random uselessness {unknown}
 u - a scroll of blinking
 w - a scroll of magic mapping
 F - 2 scrolls of teleportation {unknown}
Potions
 l - a potion of resistance
 v - a potion of lignification
 z - 2 potions of haste {unknown}
 C - a potion of mutation {unknown}
Books
 c - a book of Changes

   Spells                             Type                      Level
   a - Beastly Appendage              Transmutation                1
   b - Sticks to Snakes               Transmutation                2
   c - Spider Form                    Transmutation/Poison         3
   d - Ice Form                       Ice/Transmutation            4
   e - Blade Hands                    Transmutation                5
 D - a book of Minor Magic
   (You found it on level 7 of the Dungeon)

   Spells                             Type                      Level
   a - Magic Dart                     Conjuration                  1
   b - Blink                          Translocation                2
   c - Call Imp                       Summoning                    2
   d - Slow                           Hexes                        2
   e - Conjure Flame                  Conjuration/Fire             3
   f - Mephitic Cloud                 Conjuration/Poison/Air       3
Comestibles
 d - 9 rations


   Skills:
 + Level 5.0 Fighting
 + Level 4.2 Short Blades
 + Level 4.2 Long Blades
 + Level 4.2 Axes
 + Level 4.2 Maces & Flails
 + Level 4.2 Polearms
 + Level 4.2 Staves
 + Level 4.2 Slings
 + Level 4.2 Bows
 + Level 4.2 Crossbows
 + Level 4.2 Throwing
 + Level 4.2 Armour
 + Level 6.3 Dodging
 + Level 4.2 Stealth
 + Level 4.2 Shields
 + Level 7.9 Unarmed Combat
 + Level 6.6 Spellcasting
 + Level 3.5 Conjurations
 + Level 3.5 Hexes
 + Level 3.5 Charms
 + Level 3.5 Summonings
 + Level 3.5 Necromancy
 + Level 3.5 Translocations
 + Level 5.2 Transmutations
 + Level 3.5 Fire Magic
 + Level 3.5 Ice Magic
 + Level 3.5 Air Magic
 + Level 3.5 Earth Magic
 + Level 3.5 Poison Magic
 + Level 4.7 Invocations
 + Level 4.2 Evocations


You had 7 spell levels left.
You knew the following spells:

 Your Spells              Type           Power        Failure   Level  Hunger
b - Blink                 Tloc           N/A          10%         2    None
c - Conjure Flame         Conj/Fire      ###.....     16%         3    None
e - Beastly Appendage     Tmut           ####..       4%          1    None
k - Sticks to Snakes      Tmut           ####....     6%          2    None
m - Mephitic Cloud        Conj/Pois/Air  ###.....     16%         3    None
p - Spider Form           Tmut/Pois      ####......   12%         3    None


Dungeon Overview and Level Annotations

Branches:
Dungeon (9/15)             Temple (1/1) D:5
   Lair: D:8-11         Orc: D:9-12

Altars:
Ashenzari
Cheibriados
Elyvilon
Gozag
Hepliaklqana
Kikubaaqudgha
Makhleb
Okawaru
Qazlal
Ru
Sif Muna
Trog
Uskayaw
Vehumet
Yredelemnul
Zin

Annotations:
D:7 exclusion: killer bee


Innate Abilities, Weirdness & Mutations

Your experience applies equally to all skills.
((You have very sharp teeth.))
Your uncanny sense of smell can sniff out nearby items.


Message History

You struggle against the net.
The merfolk hits you from afar with a spear.
You tear a large gash into the net.
The merfolk hits you from afar with a spear!!
You rip the net and break free!
The merfolk misses you.
You swap places.
The merfolk throws a throwing net.
The throwing net hits your ball python.
Your ball python is caught in the net!
Your ball python struggles against the net.
Your ball python struggles against the net.
Your adder closely misses the merfolk.
The merfolk misses something.
Your ball python struggles against the net.
Your adder closely misses the merfolk.
The merfolk hits your ball python with a spear!
Your ball python dies!
Found a stone staircase leading down.
What are your orders? t - Hiss!
Orders for allies: a - Attack new target. r - Retreat! s - Stop attacking. g - Guard the area. f - Follow me.
Anything else - Cancel.
Gang up on whom?
Press: ? - help, Dir - move target cursor, f - merfolk
Aim: a merfolk, wielding a spear Attack!
Your adder bites the merfolk.
Your adder misses the merfolk.
The merfolk closely misses something.
Casting: Sticks to Snakes
Confirm with . or Enter, or press ? or * to list all spells.
You miscast Sticks to Snakes.
You are very lightly contaminated with residual magic.
Strange energies run through your body.
Your adder completely misses the merfolk.
Your adder bites the merfolk.
The merfolk is poisoned.
Your adder poisons the merfolk!
The merfolk hits your adder with a spear.
What are your orders? t - Hiss!
Orders for allies: a - Attack new target. p - Attack previous target. r - Retreat! s - Stop attacking. g - Guard the area. f - Follow me.
Anything else - Cancel.
Gang up on whom?
Press: ? - help, Dir - move target cursor, f/p - merfolk
Aim: a merfolk, wielding a spear (lightly wounded, poisoned) Attack!
Your adder bites the merfolk but does no damage.
Your adder closely misses the merfolk.
Your adder misses the merfolk.
Unknown command.
Something barely misses your adder.
Found 5 gold pieces.
Your adder bites the merfolk.
The merfolk hits your adder with a spear!!
Your adder dies!
What are your orders? t - Hiss!
Orders for allies: a - Attack new target. p - Attack previous target. r - Retreat! s - Stop attacking. g - Guard the area. f - Follow me.
Anything else - Cancel.
Okay, then.
Your adder bites the merfolk.
The merfolk looks as sick as possible!
Your adder poisons the merfolk!
The merfolk completely misses your adder.
Your adder barely misses the merfolk. x2
The merfolk hits you from afar with a spear!!
* * * LOW HITPOINT WARNING * * *
Your adder closely misses the merfolk. x2; The merfolk completely misses you.
Your adder barely misses the merfolk.
Your adder bites the merfolk.
You swap places.
Your adder bites the merfolk.
The merfolk looks as sick as possible!
Your adder poisons the merfolk!
The merfolk hits you with a spear!!
* * * LOW HITPOINT WARNING * * *
Your adder closely misses the merfolk.
You feel better. The merfolk hits you with a spear!
* * * LOW HITPOINT WARNING * * *
Your adder bites the merfolk but does no damage. x2
You feel better. The merfolk barely misses you.
Your adder bites the merfolk but does no damage.
Your adder misses the merfolk. You closely miss the merfolk.
The merfolk is heavily wounded.
Your adder withers and dies!
Your adder barely misses the merfolk.
The merfolk misses you.
You bite the merfolk!
The merfolk looks as sick as possible!
The merfolk is severely wounded.
Your adder barely misses the merfolk.
The merfolk hits you with a spear!
* * * LOW HITPOINT WARNING * * *
Your adder barely misses the merfolk.
You feel better. The merfolk barely misses you.
Your adder closely misses the merfolk.
You hit the merfolk but do no damage.
The merfolk looks as sick as possible!
The merfolk is severely wounded.
The merfolk hits you with a spear.
* * * LOW HITPOINT WARNING * * *
Your adder closely misses the merfolk.
You closely miss the merfolk.
The merfolk is severely wounded.
Your adder closely misses the merfolk.
The merfolk hits you with a spear!
You die...

.......###.........#
..................#
.................#
....[............#
..........†......##
...................
..######...........
. #%.#†#S..........
#...(ms..........
#≈≈≈≈#...........
######...........
..$.............
................
.......#......#..
.#...##........#
#>..# #....:....#
.##. ##..#..#.##


You could see a merfolk and a friendly adder.

Vanquished Creatures
  Pikel (D:4)
  An ugly thing (D:7)
  Joseph (D:7)
  A hippogriff (D:7)
  A hungry ghost (D:8)
  Duvessa (D:4)
  2 ogres
  2 bullfrogs
  Dowan (D:4)
  2 scorpions
  2 crimson imps
  A centaur zombie (D:7)
  3 hounds
  A bullfrog skeleton (D:5)
  A centaur skeleton (D:4)
  Ijyb (D:5)
  Jessica (D:2)
  An iguana (D:6)
  2 worker ants
  Robin (D:2)
  3 gnolls (D:6)
  4 adders
  A shadow imp (D:7)
  A worm (D:3)
  A dart slug (D:2)
  3 leopard geckos
  5 orcs
  2 giant cockroaches
  10 goblins
  8 hobgoblins
  7 jackals
  8 kobolds
  A quokka (D:4)
  5 bats
  2 frilled lizards
  A leopard gecko skeleton (D:4)
  4 rats
93 creatures vanquished.

Vanquished Creatures (collateral kills)
  A big kobold (D:7)
  A quasit (D:6)
  An orc priest (D:8)
  A bullfrog skeleton (D:7)
  A giant cockroach (D:8)
  2 jackals (D:8)
  A bat (D:3)
  A rat (D:2)
9 creatures vanquished.

Vanquished Creatures (others)
  A sky beast (D:5)
1 creature vanquished.

Grand Total: 103 creatures vanquished

Notes
Turn   | Place    | Note
-------+----------+-------------------------------------------
     0 | D:1      | tidbits the Gnoll Transmuter began the quest for the Orb.
     0 | D:1      | Reached XP level 1. HP: 17/17 MP: 6/6
   183 | D:1      | Reached XP level 2. HP: 23/23 MP: 7/7
   269 | D:2      | Noticed Jessica
   277 | D:2      | Killed Jessica
   277 | D:2      | Reached skill level 5 in Spellcasting
   277 | D:2      | Reached skill level 1 in Invocations
   277 | D:2      | Reached XP level 3. HP: 22/28 MP: 6/9
   281 | D:2      | Learned a level 2 spell: Sticks to Snakes
   285 | D:2      | Learned a level 3 spell: Spider Form
   297 | D:2      | Noticed Robin
   311 | D:2      | Reached skill level 1 in Short Blades
   311 | D:2      | Reached skill level 1 in Long Blades
   311 | D:2      | Reached skill level 1 in Axes
   311 | D:2      | Reached skill level 1 in Maces & Flails
   311 | D:2      | Reached skill level 1 in Polearms
   311 | D:2      | Reached skill level 1 in Staves
   311 | D:2      | Reached skill level 1 in Slings
   311 | D:2      | Reached skill level 1 in Bows
   311 | D:2      | Reached skill level 1 in Crossbows
   311 | D:2      | Reached skill level 1 in Throwing
   311 | D:2      | Reached skill level 1 in Armour
   311 | D:2      | Reached skill level 1 in Stealth
   311 | D:2      | Reached skill level 1 in Shields
   311 | D:2      | Reached skill level 1 in Evocations
   316 | D:2      | Killed Robin
   316 | D:2      | Reached XP level 4. HP: 20/34 MP: 4/11
   481 | D:2      | Reached skill level 1 in Conjurations
   481 | D:2      | Reached skill level 1 in Hexes
   481 | D:2      | Reached skill level 1 in Charms
   481 | D:2      | Reached skill level 1 in Summonings
   481 | D:2      | Reached skill level 1 in Necromancy
   481 | D:2      | Reached skill level 1 in Translocations
   481 | D:2      | Reached skill level 1 in Fire Magic
   481 | D:2      | Reached skill level 1 in Ice Magic
   481 | D:2      | Reached skill level 1 in Air Magic
   481 | D:2      | Reached skill level 1 in Earth Magic
   481 | D:2      | Reached skill level 1 in Poison Magic
   598 | D:4      | Reached XP level 5. HP: 40/40 MP: 6/12
   614 | D:4      | Noticed an ogre
   620 | D:4      | Killed an ogre
   620 | D:4      | Reached skill level 3 in Fighting
   620 | D:4      | Reached skill level 4 in Transmutations
   620 | D:4      | Reached XP level 6. HP: 26/47 MP: 2/13
   635 | D:4      | Noticed Dowan
   754 | D:4      | Noticed Duvessa
   761 | D:4      | Noticed a slave
   762 | D:4      | Noticed Pikel
   764 | D:4      | Noticed a slave
   764 | D:4      | Noticed a slave
   767 | D:4      | Killed Duvessa
   767 | D:4      | Reached skill level 2 in Short Blades
   767 | D:4      | Reached skill level 2 in Long Blades
   767 | D:4      | Reached skill level 2 in Axes
   767 | D:4      | Reached skill level 2 in Maces & Flails
   767 | D:4      | Reached skill level 2 in Polearms
   767 | D:4      | Reached skill level 2 in Staves
   767 | D:4      | Reached skill level 2 in Slings
   767 | D:4      | Reached skill level 2 in Bows
   767 | D:4      | Reached skill level 2 in Crossbows
   767 | D:4      | Reached skill level 2 in Throwing
   767 | D:4      | Reached skill level 2 in Armour
   767 | D:4      | Reached skill level 5 in Dodging
   767 | D:4      | Reached skill level 2 in Stealth
   767 | D:4      | Reached skill level 2 in Shields
   767 | D:4      | Reached skill level 2 in Invocations
   767 | D:4      | Reached skill level 2 in Evocations
   768 | D:4      | Noticed a slave
   770 | D:5      | Entered Level 5 of the Dungeon
   780 | D:5      | Found a staircase to the Ecumenical Temple.
   785 | Temple   | Entered the Ecumenical Temple
   839 | Temple   | Became a worshipper of Cheibriados the Contemplative
   920 | D:5      | Noticed a sky beast
   925 | D:5      | Noticed Ijyb
   933 | D:5      | Killed a sky beast
   941 | D:5      | Killed Ijyb
   941 | D:5      | Reached XP level 7. HP: 38/52 MP: 6/15
  1002 | D:5      | Reached skill level 7 in Unarmed Combat
  1021 | D:5      | Found a bloodstained altar of Trog.
  1054 | D:5      | Found an opulent altar of Gozag.
  1097 | D:4      | Killed Pikel
  1097 | D:4      | Reached skill level 4 in Fighting
  1097 | D:4      | Reached skill level 2 in Conjurations
  1097 | D:4      | Reached skill level 2 in Hexes
  1097 | D:4      | Reached skill level 2 in Charms
  1097 | D:4      | Reached skill level 2 in Summonings
  1097 | D:4      | Reached skill level 2 in Necromancy
  1097 | D:4      | Reached skill level 2 in Translocations
  1097 | D:4      | Reached skill level 2 in Fire Magic
  1097 | D:4      | Reached skill level 2 in Ice Magic
  1097 | D:4      | Reached skill level 2 in Air Magic
  1097 | D:4      | Reached skill level 2 in Earth Magic
  1097 | D:4      | Reached skill level 2 in Poison Magic
  1097 | D:4      | Reached skill level 3 in Invocations
  1097 | D:4      | Reached XP level 8. HP: 41/60 MP: 9/16
  1114 | D:4      | Killed Dowan
  1114 | D:4      | Reached skill level 3 in Short Blades
  1114 | D:4      | Reached skill level 3 in Long Blades
  1114 | D:4      | Reached skill level 3 in Axes
  1114 | D:4      | Reached skill level 3 in Maces & Flails
  1114 | D:4      | Reached skill level 3 in Polearms
  1114 | D:4      | Reached skill level 3 in Staves
  1114 | D:4      | Reached skill level 3 in Slings
  1114 | D:4      | Reached skill level 3 in Bows
  1114 | D:4      | Reached skill level 3 in Crossbows
  1114 | D:4      | Reached skill level 3 in Throwing
  1114 | D:4      | Reached skill level 3 in Armour
  1114 | D:4      | Reached skill level 3 in Stealth
  1114 | D:4      | Reached skill level 3 in Shields
  1114 | D:4      | Reached skill level 3 in Evocations
  1315 | D:6      | Reached skill level 6 in Spellcasting
  1375 | D:6      | Reached * piety under Cheibriados
  1461 | D:7      | Noticed a white ugly thing
  1468 | D:7      | HP: 6/60 [white ugly thing (30)]
  1472 | D:7      | Killed a white ugly thing
  1472 | D:7      | Reached skill level 3 in Conjurations
  1472 | D:7      | Reached skill level 3 in Hexes
  1472 | D:7      | Reached skill level 3 in Charms
  1472 | D:7      | Reached skill level 3 in Summonings
  1472 | D:7      | Reached skill level 3 in Necromancy
  1472 | D:7      | Reached skill level 3 in Translocations
  1472 | D:7      | Reached skill level 3 in Fire Magic
  1472 | D:7      | Reached skill level 3 in Ice Magic
  1472 | D:7      | Reached skill level 3 in Air Magic
  1472 | D:7      | Reached skill level 3 in Earth Magic
  1472 | D:7      | Reached skill level 3 in Poison Magic
  1472 | D:7      | Reached skill level 4 in Invocations
  1479 | D:7      | Reached XP level 9. HP: 10/66 MP: 15/18
  1515 | D:7      | Noticed Joseph
  1532 | D:7      | Reached skill level 6 in Dodging
  1532 | D:7      | Reached skill level 5 in Transmutations
  1805 | D:7      | Killed Joseph
  1805 | D:7      | Reached skill level 4 in Short Blades
  1805 | D:7      | Reached skill level 4 in Long Blades
  1805 | D:7      | Reached skill level 4 in Axes
  1805 | D:7      | Reached skill level 4 in Maces & Flails
  1805 | D:7      | Reached skill level 4 in Polearms
  1805 | D:7      | Reached skill level 4 in Staves
  1805 | D:7      | Reached skill level 4 in Slings
  1805 | D:7      | Reached skill level 4 in Bows
  1805 | D:7      | Reached skill level 4 in Crossbows
  1805 | D:7      | Reached skill level 4 in Throwing
  1805 | D:7      | Reached skill level 4 in Armour
  1805 | D:7      | Reached skill level 4 in Stealth
  1805 | D:7      | Reached skill level 4 in Shields
  1805 | D:7      | Reached skill level 4 in Evocations
  1850 | D:7      | Found a hazy altar of Hepliaklqana.
  1869 | D:7      | Learned a level 2 spell: Blink
  1873 | D:7      | Learned a level 3 spell: Mephitic Cloud
  1877 | D:7      | Learned a level 3 spell: Conjure Flame
  1904 | D:7      | Reached skill level 5 in Fighting
  1954 | D:8      | Reached ** piety under Cheibriados
  2074 | D:9      | Noticed a merfolk
  2089 | D:9      | HP: 4/68 [merfolk/spear (22)]
  2093 | D:9      | HP: 1/68 [merfolk/spear (9)]
  2096 | D:9      | Mangled by a merfolk

Vault maps used:
D:1:      lightli_arrival_noodles, interstate_on_off
D:2:      minmay_diamond_boxcup, old_standard_altar, uniq_robin, uniq_terence,
          uniq_jessica
D:3:      marbit_many_paths, nicolae_tso_carved_into_rock, first_ration
D:4:      uniq_duvessa, uniq_pikel
D:5:      bloody_trog, lemuel_doored_altar, minmay_temple_entry_butterflies,
          uniq_ijyb
D:7:      old_standard_altar, fedhas_altar_4, uniq_joseph
D:8:      uniq_maurice
D:9:      hangedman_fish_farm, minivault_27
Temple:   regret_index_temple_waves

Skill      XL: |  1  2  3  4  5  6  7  8  9 |
---------------+----------------------------+-----
Spellcasting   | 5 6 |  6.6
Invocations    | 1 2 3 4 |  4.7
Short Blades   | 1 2 3 4 |  4.2
Long Blades    | 1 2 3 4 |  4.2
Axes           | 1 2 3 4 |  4.2
Maces & Flails | 1 2 3 4 |  4.2
Polearms       | 1 2 3 4 |  4.2
Staves         | 1 2 3 4 |  4.2
Slings         | 1 2 3 4 |  4.2
Bows           | 1 2 3 4 |  4.2
Crossbows      | 1 2 3 4 |  4.2
Throwing       | 1 2 3 4 |  4.2
Armour         | 1 2 3 4 |  4.2
Stealth        | 1 2 3 4 |  4.2
Shields        | 1 2 3 4 |  4.2
Evocations     | 1 2 3 4 |  4.2
Conjurations   | 1 2 3 |  3.5
Hexes          | 1 2 3 |  3.5
Charms         | 1 2 3 |  3.5
Summonings     | 1 2 3 |  3.5
Necromancy     | 1 2 3 |  3.5
Translocations | 1 2 3 |  3.5
Fire Magic     | 1 2 3 |  3.5
Ice Magic      | 1 2 3 |  3.5
Air Magic      | 1 2 3 |  3.5
Earth Magic    | 1 2 3 |  3.5
Poison Magic   | 1 2 3 |  3.5
Fighting       | 3 4 5 |  5.0
Transmutations | 4 5 |  5.2
Dodging        | 5 6 |  6.3
Unarmed Combat | 7 |  7.9

Action                   |  1- 3 |  4- 6 |  7- 9 || total
-------------------------+-------+-------+-------++-------
Melee: Unarmed           |    51 |    72 |   127 ||   250
       Kick              |     6 |       |       ||     6
       Punch             |     3 |       |       ||     3
       Bite              |     1 |       |     2 ||     3
       Dagger            |       |     1 |       ||     1
 Cast: Beastly Appendage |     6 |       |       ||     6
       Spider Form       |     2 |    12 |    24 ||    38
       Sticks to Snakes  |       |    11 |    22 ||    33
 Abil: End Transformatio |       |     1 |       ||     1
  Use: Scroll            |       |     5 |       ||     5
       Potion            |       |     3 |     5 ||     8
 Stab: Sleeping          |       |     1 |     4 ||     5
       Distracted        |       |       |     2 ||     2
  Eat: Chunk             |       |       |     5 ||     5
Armor: Robe              |    12 |       |       ||    12
       Skin              |     1 |     7 |    13 ||    21
       Animal skin       |       |       |     2 ||     2
Dodge: Dodged            |    36 |    73 |   127 ||   236

Table legend:
 A = Spawn XP
 B = Non-spawn XP
 C = Spawn XP percentage of total XP
 D = Spawn monster count
 E = Non-spawn monster count
 F = Spawn count percentage of total count
 G = Total turns spent on level
                    A         B        C        D         E        F      G
               +---------+---------+-------+---------+---------+-------+---------
         Total |       0 |    3600 |   0.0 |       0 |     103 |   0.0 |  2096
               +---------+---------+-------+---------+---------+-------+---------
           D:1 |       0 |      18 |   0.0 |       0 |      10 |   0.0 |   237
           D:2 |       0 |     134 |   0.0 |       0 |      29 |   0.0 |   280
           D:3 |       0 |      22 |   0.0 |       0 |       9 |   0.0 |    83
           D:4 |       0 |    1039 |   0.0 |       0 |      15 |   0.0 |   287
           D:5 |       0 |     329 |   0.0 |       0 |       9 |   0.0 |   275
           D:6 |       0 |     336 |   0.0 |       0 |      10 |   0.0 |   393
           D:7 |       0 |    1446 |   0.0 |       0 |      11 |   0.0 |   267
           D:8 |       0 |     272 |   0.0 |       0 |       8 |   0.0 |   125
           D:9 |       0 |       4 |   0.0 |       0 |       2 |   0.0 |    47
               +---------+---------+-------+---------+---------+-------+---------

Table legend:
 A = Turns spent in this place as a percentage of turns spent in the entire game.
 B = Non-inter-level travel turns spent in this place as a percentage of non-inter-level travel turns spent in the entire game.
 C = Inter-level travel turns spent in this place as a percentage of turns spent in this place.
 D = Turns resting spent in this place as a percentage of non-inter-level travel turns spent in this place.
 E = Turns spent auto-exploring this place as a percentage of non-inter-level travel turns spent in this place.
 F = Non-inter-level travel turns spent in this place divided by the number of levels of this place that you've seen.
                   A       B       C       D       E      F
               +-------+-------+-------+-------+-------+----------------------
         Total | 100.0 | 100.0 |   2.8 |   0.0 |   0.0 | 203.7
       Dungeon |  95.1 |  97.3 |   0.7 |   0.0 |   0.0 | 220.1
        Temple |   4.9 |   2.7 |  45.1 |   0.0 |   0.0 |  56.0
               +-------+-------+-------+-------+-------+----------------------

Table legend:
 A = Kills in this place as a percentage of kills in entire the game.
 B = Kills by you in this place as a percentage of kills by you in the entire game.
 C = Kills by friends in this place as a percentage of kills by friends in the entire game.
 D = Other kills in this place as a percentage of other kills in the entire game.
 E = Experience gained in this place as a percentage of experience gained in the entire game.
 F = Experience gained in this place divided by the number of levels of this place that you have seen.
                   A       B       C       D       E      F
               +-------+-------+-------+-------+-------+----------------------
         Total | 100.0 | 100.0 | 100.0 | 100.0 | 100.0 | 360.0
       Dungeon | 100.0 | 100.0 | 100.0 | 100.0 | 100.0 | 400.0
               +-------+-------+-------+-------+-------+----------------------

Vault maps used:
D:1:      lightli_arrival_noodles, interstate_on_off
D:2:      minmay_diamond_boxcup, old_standard_altar, uniq_robin, uniq_terence,
          uniq_jessica
D:3:      marbit_many_paths, nicolae_tso_carved_into_rock, first_ration
D:4:      uniq_duvessa, uniq_pikel
D:5:      bloody_trog, lemuel_doored_altar, minmay_temple_entry_butterflies,
          uniq_ijyb
D:7:      old_standard_altar, fedhas_altar_4, uniq_joseph
D:8:      uniq_maurice
D:9:      hangedman_fish_farm, minivault_27
Temple:   regret_index_temple_waves
